[Event "Titled Tuesday Blitz May 24 Early 2022"]
[White "De Souza, Cristiano Gomes"]
[Black "Navalgund, Niranjan"]
[WhiteFideId "2151758"]
[BlackFideId "5030854"]
[WhiteElo "2068"]
[BlackElo "2290"]
[Result "0-1"]
[Round "05"]
[TimeControl "180+1"]
[Date "2022.05.25"]
[WhiteClock "0:01:02"]
[BlackClock "0:00:54"]

1. d4 Nf6 2. c4 e5 3. dxe5 Ng4 4. Bf4 Bc5 5. e3 h5 6. Nd2 Nc6 7. Ngf3 Qe7 8. a3 a5 9. Be2 Ngxe5 10. Ne4 Ba7 11. O-O Ng6 12. Bd3 d6 13. Neg5 Bg4 14. Bxg6 fxg6 15. Qc2 Bf5 16. e4 Bg4 17. h3 O-O-O 18. Rfe1 Ne5 19. Nxe5 dxe5 20. Bd2 Rdf8 21. Rf1 Be2 22. h4 Bxf1 23. Rxf1 Rf6 24. Bxa5 Rhf8 25. Nf3 Rxf3 26. gxf3 Qxh4 27. c5 Rxf3 28. Kg2 Qg4+ 0-1


[Site "https://www.chess.com"]

[Event "Titled Tuesday Blitz May 24 Early 2022"]
[White "Dimitrov, Atanas"]
[Black "Manukian, Artak"]
[WhiteFideId "2901315"]
[BlackFideId "13301373"]
[WhiteElo "2693"]
[BlackElo "2516"]
[Result "1-0"]
[Round "05"]
[TimeControl "180+1"]
[Date "2022.05.25"]
[WhiteClock "0:00:12"]
[BlackClock "0:00:13"]

1. Nf3 c6 2. c4 Nf6 3. b3 d5 4. Bb2 Bg4 5. e3 Nbd7 6. Be2 e6 7. O-O Bd6 8. Nc3 O-O 9. h3 Bh5 10. d4 a6 11. Rc1 b5 12. Nd2 Bg6 13. Bf3 bxc4 14. bxc4 Rb8 15. Na4 Qa5 16. Bc3 Bb4 17. Bxb4 Rxb4 18. Nc3 Rfb8 19. Nb3 Qd8 20. cxd5 cxd5 21. Ne2 Be4 22. Ng3 Bxf3 23. Qxf3 a5 24. Nc5 a4 25. Na6 g6 26. Nxb4 Rxb4 27. Qe2 Qb6 28. Rc2 a3 29. Rfc1 Rb2 30. Qd3 Kg7 31. Qxa3 Rxc2 32. Rxc2 Qb1+ 33. Rc1 Qb5 34. Qb3 Qa5 35. Rb1 h5 36. Nf1 Ne4 37. a4 Ndf6 38. Qb4 Qa6 39. Nd2 Qe2 40. Nxe4 Nxe4 41. Qb2 Qa6 42. Ra1 Qa5 43. f3 Ng3 44. h4 Nf5 45. Kf2 Nxh4 46. Qb5 Qd2+ 47. Qe2 Qc3 48. Ra2 Qa5 49. Qd2 Qa6 50. a5 Nf5 51. Qe2 Qa8 52. a6 h4 53. a7 Nd6 54. Qa6 Nc4 55. Qb5 h3 56. Qb8 Qc6 57. a8=Q Kf6 58. Qxc6 1-0


[Site "https://www.chess.com"]

[Event "Titled Tuesday Blitz May 24 Early 2022"]
[White "Dmitrenko, Viktor"]
[Black "Janaszak, Dawid"]
[WhiteFideId "14110270"]
[BlackFideId "1119206"]
[WhiteElo "2218"]
[BlackElo "2199"]
[Result "1-0"]
[Round "05"]
[TimeControl "180+1"]
[Date "2022.05.25"]
[WhiteClock "0:00:44"]
[BlackClock "0:00:17"]

1. d4 Nf6 2. c4 g6 3. Nc3 Bg7 4. e4 d6 5. Be2 O-O 6. Bg5 c5 7. d5 e6 8. Nf3 exd5 9. cxd5 a6 10. a4 Re8 11. Nd2 h6 12. Bf4 Qe7 13. O-O Nbd7 14. Bg3 Ne5 15. f4 Neg4 16. Nc4 Nxe4 17. Bxg4 f5 18. Nxe4 fxe4 19. Bxc8 Raxc8 20. f5 e3 21. Qe2 Rcd8 22. fxg6 Qg5 23. Nxd6 Re7 24. Nf7 Qxg6 25. Nxd8 Bxb2 26. d6 Rd7 1-0


[Site "https://www.chess.com"]

[Event "Titled Tuesday Blitz May 24 Early 2022"]
[White "Dobre, Claudiu-Cristian"]
[Black "Fier, Alexandr"]
[WhiteFideId "1211854"]
[BlackFideId "2107139"]
[WhiteElo "2505"]
[BlackElo "2730"]
[Result "0-1"]
[Round "05"]
[TimeControl "180+1"]
[Date "2022.05.25"]
[WhiteClock "0:00:08"]
[BlackClock "0:02:02"]

1. c4 Nf6 2. Nc3 c5 3. Nf3 Nc6 4. e4 e6 5. Be2 a6 6. O-O Qb6 7. d3 Be7 8. Rb1 O-O 9. h3 d6 10. Bf4 Qa7 11. a3 Bd7 12. b4 b6 13. Be3 Rac8 14. Qd2 Rfd8 15. Rfc1 Be8 16. Bd1 Nd7 17. Ba4 Nde5 18. Qe2 Nxf3+ 19. Qxf3 Ne5 20. Qe2 Bxa4 21. Nxa4 Bf6 22. bxc5 bxc5 23. Rb3 Nc6 24. Rcb1 Rb8 25. Qd1 Nd4 26. Rxb8 Rxb8 27. Nc3 h6 28. Bxd4 Bxd4 29. Ne2 Bf6 30. Rb3 g5 31. Qb1 Rxb3 32. Qxb3 Kg7 33. Ng3 Be5 34. Nf1 Qe7 35. Ne3 Bd4 36. Ng4 h5 37. Nh2 Qf6 38. Qc2 Qf4 39. Nf1 g4 40. hxg4 hxg4 41. a4 g3 42. Ne3 gxf2+ 0-1


[Site "https://www.chess.com"]

[Event "Titled Tuesday Blitz May 24 Early 2022"]
[White "Domingo Nunez, Ruben"]
[Black "Borgaonkar Akshay"]
[WhiteFideId "22245570"]
[BlackFideId "25639110"]
[WhiteElo "2376"]
[BlackElo "1639"]
[Result "0-1"]
[Round "05"]
[TimeControl "180+1"]
[Date "2022.05.25"]
[WhiteClock "0:00:09"]
[BlackClock "0:00:12"]

1. c4 Nf6 2. g3 g6 3. Bg2 Bg7 4. Nc3 O-O 5. d3 d6 6. Bg5 h6 7. Bd2 Nc6 8. Qc1 Kh7 9. h4 e5 10. e3 Nb4 11. Qb1 Bf5 12. e4 Be6 13. Nge2 c6 14. f4 Ng4 15. a3 Na6 16. h5 Qb6 17. Rf1 exf4 18. Rxf4 g5 19. Rf3 f5 20. d4 Kh8 21. Qd3 fxe4 22. Qxe4 Rae8 23. Rxf8+ Bxf8 24. d5 cxd5 25. Nxd5 Qf2+ 26. Kd1 Qf7 27. Bc3+ Bg7 28. Bxg7+ Qxg7 29. Nd4 Nf2+ 30. Kd2 Nxe4+ 31. Bxe4 Qxd4+ 0-1


[Site "https://www.chess.com"]

[Event "Titled Tuesday Blitz May 24 Early 2022"]
[White "Durarbayli, Vasif"]
[Black "Vovk, Orest"]
[WhiteFideId "13402935"]
[BlackFideId "14113490"]
[WhiteElo "2528"]
[BlackElo "2203"]
[Result "1-0"]
[Round "05"]
[TimeControl "180+1"]
[Date "2022.05.24"]
[WhiteClock "0:00:08"]
[BlackClock "0:00:14"]

1. d4 e5 2. dxe5 Nc6 3. e4 Nxe5 4. f4 Nc6 5. Nf3 Bb4+ 6. Bd2 Qe7 7. Bd3 Bc5 8. Qe2 Nf6 9. e5 Ng4 10. Rf1 d6 11. h3 Nh6 12. Nc3 O-O 13. O-O-O Nf5 14. Qe4 g6 15. Rfe1 Nb4 16. a3 Ng3 17. axb4 Nxe4 18. Rxe4 Bb6 19. Nd5 Qd8 20. Nf6+ Kg7 21. g4 d5 22. Re2 a5 23. b5 a4 24. Kb1 a3 25. b3 a2+ 26. Ka1 Qe7 27. Bc3 d4 28. Bb2 Rd8 29. h4 Bc5 30. f5 Ba3 31. Bxa3 Qxa3 32. Ng5 Qb4 33. Nge4 b6 34. h5 g5 35. h6+ Kh8 36. Bc4 Bb7 37. Bxf7 Bxe4 38. Nxe4 d3 39. cxd3 Qxb3 40. Bxb3 Rd4 41. Nxg5 Rb4 42. Bxa2 Rxg4 43. Nf7+ Kg8 44. e6 Kf8 45. Ne5 Ke7 46. Nd7 Rf4 47. f6+ Rxf6 48. Nxf6 Kxf6 49. e7 1-0


[Site "https://www.chess.com"]

[Event "Titled Tuesday Blitz May 24 Early 2022"]
[White "Dushyant Sharma"]
[Black "Silvestre, Christian"]
[WhiteFideId "25065130"]
[BlackFideId "30956269"]
[WhiteElo "2105"]
[BlackElo "2272"]
[Result "0-1"]
[Round "05"]
[TimeControl "180+1"]
[Date "2022.05.25"]
[WhiteClock "0:01:38"]
[BlackClock "0:01:11"]

1. e4 c6 2. Nf3 d5 3. exd5 cxd5 4. d4 Nc6 5. Bd3 Bg4 6. c3 Nf6 7. O-O e6 8. Be3 Bd6 9. Nbd2 O-O 10. Qc2 Rc8 11. a3 e5 12. dxe5 Nxe5 13. Nxe5 Bxe5 14. Rae1 d4 15. Bxd4 Bxd4 16. Ne4 g6 17. Qa4 Nxe4 18. Rxe4 Bg7 19. Rxg4 Qxd3 20. Qxa7 Rcd8 21. Qxb7 Rb8 22. Qe7 Rxb2 23. Rg3 Qe2 24. Qc5 Re8 0-1


[Site "https://www.chess.com"]

[Event "Titled Tuesday Blitz May 24 Early 2022"]
[White "Estrada Nieto, Julian"]
[Black "Poltorak, Sebastian"]
[WhiteFideId "5101018"]
[BlackFideId "1199498"]
[WhiteElo "2252"]
[BlackElo "2066"]
[Result "1-0"]
[Round "05"]
[TimeControl "180+1"]
[Date "2022.05.25"]
[WhiteClock "0:00:10"]
[BlackClock "0:00:05"]

1. e4 c6 2. d4 d5 3. exd5 cxd5 4. Nf3 Nf6 5. Bf4 Nc6 6. c3 Bg4 7. Bd3 e6 8. Nbd2 Bd6 9. Bxd6 Qxd6 10. Qb3 O-O 11. O-O Rfc8 12. Rfe1 Rab8 13. a4 Na5 14. Qc2 Nc4 15. Ne5 Nxd2 16. Qxd2 Bh5 17. Qg5 Bg6 18. Bxg6 hxg6 19. Qh4 Ne4 20. Re3 Qd8 21. Qg4 Nf6 22. Qf4 Rc7 23. Rh3 Nh5 24. Qe3 b5 25. axb5 Rxb5 26. b4 Rb8 27. g4 Nf6 28. f3 Rbc8 29. Ra3 Nd7 30. Nxg6 fxg6 31. Qxe6+ Kf8 32. Rh8# 1-0


[Site "https://www.chess.com"]

[Event "Titled Tuesday Blitz May 24 Early 2022"]
[White "Eynullayev, Atilla"]
[Black "Bifulco, Michel"]
[WhiteFideId "13413570"]
[BlackFideId "828580"]
[WhiteElo "1936"]
[BlackElo "2165"]
[Result "0-1"]
[Round "05"]
[TimeControl "180+1"]
[Date "2022.05.25"]
[WhiteClock "0:00:06"]
[BlackClock "0:00:13"]

1. e4 e5 2. Nf3 Nc6 3. Bb5 g6 4. d4 exd4 5. c3 Bg7 6. cxd4 a6 7. Ba4 Nge7 8. O-O O-O 9. d5 Na5 10. Bd2 Nc4 11. Bc3 Nxb2 12. Qc2 Nxa4 13. Bxg7 Kxg7 14. Qxa4 d6 15. Qd4+ Kg8 16. Nc3 f5 17. e5 dxe5 18. Nxe5 Qd6 19. Rad1 b5 20. Nd3 Bb7 21. Nf4 c5 22. dxc6 Qxd4 23. Rxd4 Nxc6 24. Rd7 Rab8 25. Rfd1 Rfd8 26. Ne6 Rxd7 27. Rxd7 Bc8 28. Rd6 Bxe6 29. Rxe6 Rc8 30. Nd5 Kf7 31. Rf6+ Kg7 32. Rd6 Nb4 33. Rd7+ Kh6 34. Ne3 Rc1+ 35. Nf1 Nxa2 36. g3 Nb4 37. h4 a5 38. Kg2 a4 39. Nh2 g5 40. hxg5+ Kxg5 41. Rd6 f4 42. g4 a3 43. Kh3 Rc3+ 44. f3 a2 45. Rb6 a1=Q 46. Rxb5+ Kf6 47. Rxb4 Qh1 48. Rxf4+ Kg7 49. Kg3 Qg1+ 50. Kh3 Rc2 51. Kh4 Qxh2+ 52. Kg5 Qxf4+ 53. Kxf4 Rc4+ 54. Kg3 Ra4 55. f4 Kf6 56. g5+ Kf5 0-1


[Site "https://www.chess.com"]

[Event "Titled Tuesday Blitz May 24 Early 2022"]
[White "Ezat, Mohamed"]
[Black "Itkis, Boris"]
[WhiteFideId "10600906"]
[BlackFideId "1209167"]
[WhiteElo "2386"]
[BlackElo "2207"]
[Result "1-0"]
[Round "05"]
[TimeControl "180+1"]
[Date "2022.05.25"]
[WhiteClock "0:00:47"]
[BlackClock "0:00:10"]

1. d4 Nf6 2. c4 Nc6 3. Nf3 e6 4. Nc3 Bb4 5. Qc2 d6 6. Bg5 h6 7. Bh4 g5 8. Bg3 g4 9. Nd2 Nxd4 10. Qd3 e5 11. a3 Bxc3 12. Qxc3 Bf5 13. Rc1 Qe7 14. e3 Nc6 15. Bd3 Bxd3 16. Qxd3 Qe6 17. Ne4 Nxe4 18. Qxe4 f5 19. Qd5 Kd7 20. Qd2 Raf8 21. O-O Kc8 22. b4 Ne7 23. b5 Ng6 24. Rfe1 Qf7 25. f3 gxf3 26. gxf3 f4 27. exf4 exf4 28. Bf2 Ne5 29. Rc3 Rhg8+ 30. Kh1 Qh5 31. Rg1 Rxg1+ 32. Bxg1 Nxf3 33. Qe2 Rg8 34. Rxf3 Qg4 35. Qf2 Kb8 36. Rxf4 Qg6 37. Rf8+ 1-0


[Site "https://www.chess.com"]

[Event "Titled Tuesday Blitz May 24 Early 2022"]
[White "Fernandez Siles, Luis"]
[Black "Yang, Kaiqi"]
[WhiteFideId "2209420"]
[BlackFideId "8604398"]
[WhiteElo "2212"]
[BlackElo "2373"]
[Result "0-1"]
[Round "05"]
[TimeControl "180+1"]
[Date "2022.05.25"]
[WhiteClock "0:00:01"]
[BlackClock "0:00:04"]

1. e4 e6 2. d4 d5 3. e5 c5 4. c3 Nc6 5. Nf3 Bd7 6. Bd3 cxd4 7. cxd4 Qb6 8. O-O Nxd4 9. Nbd2 Nc6 10. Nb3 Nge7 11. Be3 Qc7 12. Rc1 Ng6 13. Re1 Bb4 14. Bd2 Bxd2 15. Qxd2 O-O 16. h4 Qb8 17. Nc5 Be8 18. Bxg6 hxg6 19. Qg5 b6 20. Nd3 Qd8 21. Qg4 Ne7 22. h5 gxh5 23. Qxh5 f5 24. Qg5 Ng6 25. Qxd8 Rxd8 26. Rc7 Rf7 27. Rec1 Rxc7 28. Rxc7 Bb5 29. Nb4 Rd7 30. Rc8+ Kh7 31. Ng5+ Kh6 32. f4 Nxf4 33. Nf3 a5 34. Nc6 Bxc6 35. Rxc6 g5 36. g3 Nd3 37. Rxe6+ Kh5 38. Rxb6 Kg4 39. Nd4 Nxe5 40. Ra6 Rc7 41. Rxa5 Rc1+ 42. Kf2 Rd1 0-1


[Site "https://www.chess.com"]

[Event "Titled Tuesday Blitz May 24 Early 2022"]
[White "Fromm, Marius"]
[Black "Legenia, Artem"]
[WhiteFideId "12993190"]
[BlackFideId "14136945"]
[WhiteElo "2500"]
[BlackElo "1936"]
[Result "1-0"]
[Round "05"]
[TimeControl "180+1"]
[Date "2022.05.25"]
[WhiteClock "0:01:53"]
[BlackClock "0:02:22"]

1. e4 c6 2. d4 d5 3. exd5 cxd5 4. Bd3 Nc6 5. c3 g6 6. Ne2 Bg7 7. O-O Nh6 8. Ng3 O-O 9. Re1 Nf5 10. Nxf5 Bxf5 11. Bxf5 gxf5 12. Bg5 Qd7 13. Nd2 e6 14. Qh5 b5 15. Re3 Ne7 16. Rh3 Rfc8 17. Qxh7+ Kf8 18. Bh6 Bxh6 19. Rxh6 Ng6 20. Rxg6 1-0


[Site "https://www.chess.com"]

[Event "Titled Tuesday Blitz May 24 Early 2022"]
[White "Galiana Fernandez, Adrian"]
[Black "Baches Garcia, Guillermo"]
[WhiteFideId "32010150"]
[BlackFideId "2209764"]
[WhiteElo "2133"]
[BlackElo "2503"]
[Result "0-1"]
[Round "05"]
[TimeControl "180+1"]
[Date "2022.05.25"]
[WhiteClock "0:00:02"]
[BlackClock "0:00:15"]

1. c4 e5 2. Nc3 Nf6 3. Nf3 Nc6 4. e3 d5 5. cxd5 Nxd5 6. Bb5 Nxc3 7. bxc3 Bd6 8. d4 exd4 9. cxd4 O-O 10. O-O Bg4 11. h3 Bh5 12. Bb2 Qe7 13. Re1 f5 14. a4 Kh8 15. Be2 Rad8 16. Nd2 Bxe2 17. Rxe2 Nb4 18. Qb3 c6 19. Nc4 f4 20. e4 f3 21. gxf3 Qg5+ 22. Kf1 Bh2 23. Re3 Na6 24. Qxb7 Nb8 25. Ke2 Bf4 26. Rb3 Nd7 27. Qxa7 Qh5 28. a5 Nf6 29. Kd1 Nxe4 30. Kc2 Nxf2 31. Rf1 Qf5+ 0-1


[Site "https://www.chess.com"]

[Event "Titled Tuesday Blitz May 24 Early 2022"]
[White "Gallego Alcaraz, Andres Felipe"]
[Black "Hirneise, Jens"]
[WhiteFideId "4402669"]
[BlackFideId "24614734"]
[WhiteElo "2340"]
[BlackElo "2359"]
[Result "1-0"]
[Round "05"]
[TimeControl "180+1"]
[Date "2022.05.25"]
[WhiteClock "0:00:08"]
[BlackClock "0:00:03"]

1. d4 d5 2. c4 e6 3. Nf3 Nf6 4. g3 Bb4+ 5. Bd2 Be7 6. Bg2 O-O 7. O-O dxc4 8. Qc2 Bd7 9. Ne5 Nc6 10. Nxc6 Bxc6 11. Bxc6 bxc6 12. Qxc4 Qd5 13. Rc1 Rab8 14. b3 Rfc8 15. Nc3 Qxc4 16. bxc4 Ba3 17. Rc2 Bb2 18. Rd1 Bxc3 19. Bxc3 Ne4 20. Be1 Kf8 21. f3 Nf6 22. Kf2 Rb7 23. e4 Rcb8 24. e5 Nd7 25. f4 Rb2 26. Rdd2 Rxc2 27. Rxc2 Ke7 28. Ba5 Rb7 29. Ke3 Kd8 30. g4 Rb1 31. f5 Nb6 32. f6 gxf6 33. exf6 Kd7 34. Kf4 Rd1 35. Bxb6 axb6 36. Ke5 Rg1 37. Kf4 Rd1 38. Ke3 Rg1 39. Kf3 Rd1 40. Ke4 Rf1 41. g5 Rg1 42. Kf4 Rf1+ 43. Kg4 1-0


[Site "https://www.chess.com"]

[Event "Titled Tuesday Blitz May 24 Early 2022"]
[White "Garcia Garcia, Alejandro"]
[Black "Miszler, Levente"]
[WhiteFideId "3516334"]
[BlackFideId "763276"]
[WhiteElo "2142"]
[BlackElo "1966"]
[Result "0-1"]
[Round "05"]
[TimeControl "180+1"]
[Date "2022.05.25"]
[WhiteClock "0:00:04"]
[BlackClock "0:00:05"]

1. Nf3 Nf6 2. g3 g6 3. Bg2 Bg7 4. O-O O-O 5. c4 d6 6. Nc3 e5 7. Rb1 a5 8. a3 Nc6 9. b4 axb4 10. axb4 h6 11. b5 Ne7 12. d4 exd4 13. Nxd4 Re8 14. Bb2 Nf5 15. Nd5 Nxd5 16. cxd5 Nxd4 17. Bxd4 Bxd4 18. Qxd4 Rxe2 19. Rfe1 Qe7 20. Qc3 Raa2 21. Bf3 Rac2 22. Qa5 Rxe1+ 23. Rxe1 Qf6 24. Kg2 Qd4 25. Rf1 Kg7 26. Qa8 Bf5 27. Qxb7 Qd3 28. b6 Bh3+ 29. Kxh3 Qxf1+ 30. Bg2 Qb5 31. Be4 Rc5 32. Qc8 Qxb6 33. Qd7 Qb2 34. f3 Qf6 35. Kg2 Qe5 36. h4 Rc1 37. Qb5 Qd4 38. h5 Qg1+ 39. Kh3 Qh1+ 40. Kg4 Qxh5+ 41. Kf4 Qg5# 0-1


[Site "https://www.chess.com"]

[Event "Titled Tuesday Blitz May 24 Early 2022"]
[White "Garriga Cazorla, Pere"]
[Black "Perez Gormaz, Matias"]
[WhiteFideId "32011601"]
[BlackFideId "3406342"]
[WhiteElo "2778"]
[BlackElo "2621"]
[Result "1-0"]
[Round "05"]
[TimeControl "180+1"]
[Date "2022.05.25"]
[WhiteClock "0:00:11"]
[BlackClock "0:00:03"]

1. d4 d5 2. c4 e6 3. Nc3 a6 4. cxd5 exd5 5. Nf3 c6 6. Qb3 h6 7. Bf4 Bd6 8. Ne5 Nf6 9. h3 Qe7 10. O-O-O Nbd7 11. e4 Nxe5 12. dxe5 Bxe5 13. Bxe5 Qxe5 14. exd5 O-O 15. dxc6 bxc6 16. Bd3 Rb8 17. Qc2 Be6 18. Rhe1 Qa5 19. b3 c5 20. Re5 Qa3+ 21. Qb2 Qxb2+ 22. Kxb2 c4 23. Bc2 cxb3 24. Bxb3 Rfc8 25. Rd6 a5 26. f3 Bxb3 27. axb3 Rc7 28. Rxa5 Re8 29. Rd3 Re1 30. b4 Rg1 31. Rd2 Rc8 32. Rc5 Rb8 33. b5 g6 34. Kb3 Nh5 35. Rc7 Ng7 36. Kb4 Ne6 37. Re7 Nd8 38. Red7 Nc6+ 39. Kc5 Ne5 40. Rc7 Re8 41. b6 Rxg2 42. Rxg2 Nd3+ 43. Kc6 Nf4 44. Rd2 Re3 45. Nb5 Ne6 46. b7 Kg7 47. b8=Q Rxf3 48. Kb6 Rb3 49. Rc3 Rb1 50. Qe5+ Kh7 51. Rc8 Ng7 52. Rdd8 g5 53. Qf6 Rxb5+ 54. Kxb5 Ne6 55. Rh8# 1-0


[Site "https://www.chess.com"]

[Event "Titled Tuesday Blitz May 24 Early 2022"]
[White "Golizadeh, Asghar"]
[Black "Sokolovsky, Yahli"]
[WhiteFideId "12505269"]
[BlackFideId "2820242"]
[WhiteElo "2403"]
[BlackElo "1770"]
[Result "0-1"]
[Round "05"]
[TimeControl "180+1"]
[Date "2022.05.25"]
[WhiteClock "0:00:29"]
[BlackClock "0:00:09"]

1. e4 g6 2. d3 Bg7 3. Nf3 d6 4. g3 Nf6 5. Bg2 O-O 6. O-O c5 7. Re1 Nc6 8. c3 e5 9. Na3 h6 10. h3 Be6 11. Nc2 d5 12. exd5 Nxd5 13. Ne3 Qc7 14. Qa4 Rad8 15. Nxd5 Bxd5 16. Be3 b6 17. Rad1 Ne7 18. d4 cxd4 19. cxd4 Qb7 20. Nh4 e4 21. Bf1 g5 22. Ng2 f5 23. Bd2 Kh8 24. Bb4 f4 25. Ba6 Qd7 26. Qxd7 Rxd7 27. Bb5 Rb7 28. Ba6 Rc7 29. Rc1 Rxc1 30. Rxc1 Rf7 31. gxf4 gxf4 32. Rc7 Ng6 33. Rc8+ Kh7 34. Bb5 e3 35. fxe3 f3 36. Be8 f2+ 37. Kf1 Bxg2+ 38. Ke2 f1=Q+ 39. Kd2 Rf2+ 40. Kc3 Qc1+ 41. Kb3 Qxc8 42. Bb5 Qe6+ 43. Bc4 Bd5 44. Kc3 Bxc4 45. b3 Qxe3+ 46. Kxc4 Rc2+ 47. Kb5 Qe8+ 48. Ka6 Rxa2+ 49. Kb7 Qd7+ 50. Kb8 Be5+ 51. Bd6 Bxd6+ 52. Ka8 Qc8# 0-1


[Site "https://www.chess.com"]

[Event "Titled Tuesday Blitz May 24 Early 2022"]
[White "Goltsev, Dmitry"]
[Black "Zhigalko, Sergei"]
[WhiteFideId "24176710"]
[BlackFideId "13502956"]
[WhiteElo "2258"]
[BlackElo "2662"]
[Result "0-1"]
[Round "05"]
[TimeControl "180+1"]
[Date "2022.05.24"]
[WhiteClock "0:00:14"]
[BlackClock "0:00:03"]

1. e4 c5 2. Nf3 Nc6 3. d4 cxd4 4. Nxd4 Nf6 5. Nc3 e5 6. Ndb5 d6 7. Nd5 Nxd5 8. exd5 Nb8 9. c4 Be7 10. Be3 O-O 11. Bd3 f5 12. f3 a6 13. Nc3 Bg5 14. Qd2 Bxe3 15. Qxe3 Nd7 16. O-O Nc5 17. Bc2 a5 18. f4 e4 19. Nb5 Rf6 20. b3 Bd7 21. Nd4 Qb6 22. a3 Qc7 23. b4 Na6 24. Bb3 Rc8 25. Qd2 axb4 26. axb4 Qb6 27. Rfb1 Qxb4 28. Qxb4 Nxb4 29. Ba4 Rxc4 30. Bxd7 Rxd4 31. Be6+ Kf8 32. Ra8+ Ke7 33. Rb8 Rxe6 34. Rxb7+ Kf6 35. dxe6 Nc6 36. Rf7+ Kxe6 37. Rxg7 Rd2 38. Rxh7 Nd4 39. Rh6+ Kd5 40. Rf6 e3 41. h4 Ke4 42. h5 Ne2+ 43. Kh2 Nxf4 44. h6 Rxg2+ 45. Kh1 Rg4 46. Rb4+ Kf3 47. Rxd6 Rh4+ 48. Kg1 Ne2+ 49. Kf1 Rh1# 0-1


[Site "https://www.chess.com"]

[Event "Titled Tuesday Blitz May 24 Early 2022"]
[White "Golubev, Mikhail"]
[Black "Preotu, Razvan"]
[WhiteFideId "14100983"]
[BlackFideId "2613280"]
[WhiteElo "2602"]
[BlackElo "2728"]
[Result "1-0"]
[Round "05"]
[TimeControl "180+1"]
[Date "2022.05.25"]
[WhiteClock "0:00:20"]
[BlackClock "0:00:03"]

1. e4 c5 2. Nf3 d6 3. d4 cxd4 4. Nxd4 Nf6 5. Nc3 a6 6. Bc4 e6 7. O-O b5 8. Bb3 Be7 9. f4 O-O 10. e5 dxe5 11. fxe5 Nfd7 12. Be3 Nc5 13. Qg4 Kh8 14. Rf3 Nxb3 15. Nxb3 f5 16. exf6 Bxf6 17. Qe4 b4 18. Qxa8 bxc3 19. Qxb8 cxb2 20. Raf1 e5 21. Nc5 Bg4 22. Qxd8 Rxd8 23. Rxf6 gxf6 24. Nd3 Be2 25. Rb1 Bxd3 26. cxd3 Rxd3 27. Kf2 f5 28. g3 Ra3 29. Rxb2 Kg7 30. Bc5 Ra4 31. a3 h5 32. Rb6 h4 33. Bd6 hxg3+ 34. hxg3 Kf6 35. Bc7+ Kg5 36. Bxe5 Rxa3 37. Bf4+ Kh5 38. Rh6+ Kg4 39. Rh4# 1-0


[Site "https://www.chess.com"]

[Event "Titled Tuesday Blitz May 24 Early 2022"]
[White "Gulevich, Artem"]
[Black "Kucuksari, Kaan"]
[WhiteFideId "24119580"]
[BlackFideId "6380166"]
[WhiteElo "2218"]
[BlackElo "2305"]
[Result "1-0"]
[Round "05"]
[TimeControl "180+1"]
[Date "2022.05.25"]
[WhiteClock "0:00:21"]
[BlackClock "0:00:18"]

1. Nf3 g6 2. d4 f5 3. b3 Nf6 4. Bb2 Bg7 5. e3 O-O 6. Nbd2 d6 7. Bd3 Qe8 8. O-O Nc6 9. a3 e5 10. dxe5 dxe5 11. e4 fxe4 12. Nxe4 Bg4 13. h3 Bh5 14. Nxf6+ Bxf6 15. g4 e4 16. Bc4+ Kg7 17. Bxf6+ Rxf6 18. Nh2 e3 19. gxh5 exf2+ 20. Rxf2 Qe3 21. Ng4 Qg3+ 22. Rg2 Qd6 23. h6+ Kh8 24. Nxf6 Qxf6 25. Qf1 Qd4+ 26. Kh1 Ne7 27. Rd1 Qc3 28. Qd3 Qe5 29. Qd4 Nc6 30. Qxe5+ Nxe5 31. Re2 Nc6 32. Rd7 Rf8 33. Rxc7 g5 34. Rxb7 g4 35. hxg4 a5 36. Kg2 a4 37. Bd5 Nd8 38. Rd7 axb3 39. Ree7 Nf7 40. Rxf7 1-0


[Site "https://www.chess.com"]

[Event "Titled Tuesday Blitz May 24 Early 2022"]
[White "Guzman, Christopher"]
[Black "Gatterer, Florian"]
[WhiteFideId "6405096"]
[BlackFideId "811688"]
[WhiteElo "2244"]
[BlackElo "2218"]
[Result "1-0"]
[Round "05"]
[TimeControl "180+1"]
[Date "2022.05.25"]
[WhiteClock "0:01:44"]
[BlackClock "0:00:02"]

1. e4 c5 2. Nf3 Nc6 3. d4 cxd4 4. Nxd4 g6 5. c4 Bg7 6. Be3 Qb6 7. Nb3 Qd8 8. Qd2 Nf6 9. Nc3 Ng4 10. Bf4 O-O 11. h3 Nge5 12. Be2 d6 13. O-O Be6 14. Nd5 a5 15. Rac1 a4 16. Na1 Nd4 17. Bd3 Re8 18. Kh1 Nxd3 19. Qxd3 Nc6 20. Be3 Bxb2 21. Rb1 Bxd5 22. Rxb2 Be6 23. Rxb7 Ne5 24. Qd1 Nxc4 25. Bd4 Qc8 26. Rb4 Qc6 27. Re1 Rec8 28. Nc2 Ne5 29. Ne3 Bxa2 30. f4 Nc4 31. Nd5 Qd7 32. Ba1 Bb3 33. Qd4 f6 34. Nxf6+ exf6 35. Qxf6 Rab8 36. Rxb8 Rxb8 37. Qh8+ Kf7 38. Qxh7+ Ke8 39. Qg8+ Ke7 40. Qxb8 Qc6 41. e5 dxe5 42. Qa7+ Ke6 43. Bxe5 1-0


[Site "https://www.chess.com"]

[Event "Titled Tuesday Blitz May 24 Early 2022"]
[White "Hakemi, Arman"]
[Black "Drygalov, Sergey"]
[WhiteFideId "22520805"]
[BlackFideId "24171743"]
[WhiteElo "2115"]
[BlackElo "2514"]
[Result "1-0"]
[Round "05"]
[TimeControl "180+1"]
[Date "2022.05.24"]
[WhiteClock "0:00:01"]
[BlackClock "0:00:14"]

1. d4 Nf6 2. Nf3 d5 3. g3 e6 4. Bg2 b5 5. a4 b4 6. c4 Bb7 7. O-O c5 8. cxd5 Bxd5 9. b3 Nbd7 10. Bb2 Be7 11. Nbd2 O-O 12. Rc1 Rc8 13. Nc4 cxd4 14. Nxd4 Nc5 15. Bxd5 Qxd5 16. Ne3 Qb7 17. Ba1 Rfd8 18. Qe1 Bf8 19. Rc4 Nfe4 20. Rxb4 Qa8 21. Rc4 e5 22. Nb5 Nxb3 23. Bxe5 Nbd2 24. Rxc8 Rxc8 25. f3 Bc5 26. Bd4 Bxd4 27. Nxd4 Nxf1 28. Kxf1 Nf6 29. Ndf5 Re8 30. Qd2 Qd8 31. Qc3 Re6 32. Kf2 h5 33. Qc5 Qb6 34. Qc8+ Re8 35. Qc3 g6 36. a5 Qe6 37. Nd4 Qd7 38. Qc4 Qe7 39. Qd3 Qc5 40. Nb3 Qb4 41. Nc2 Qe7 42. e3 Nd7 43. Ncd4 Ne5 44. Qc3 Qb7 45. Nc5 Qd5 46. Nd3 Qa2+ 47. Ne2 Nxd3+ 48. Qxd3 Qxa5 49. Qd7 Rd8 50. Qe7 Qb6 51. f4 a5 52. Nd4 1-0


[Site "https://www.chess.com"]

[Event "Titled Tuesday Blitz May 24 Early 2022"]
[White "Hambleton, Aman"]
[Black "Kostiukov, Alexandr"]
[WhiteFideId "2606577"]
[BlackFideId "14108100"]
[WhiteElo "2552"]
[BlackElo "2202"]
[Result "1-0"]
[Round "05"]
[TimeControl "180+1"]
[Date "2022.05.25"]
[WhiteClock "0:00:03"]
[BlackClock "0:00:02"]

1. d4 g6 2. c4 Bg7 3. e4 d6 4. Nc3 e5 5. d5 f5 6. Bd3 Nf6 7. f3 O-O 8. Nge2 a5 9. Be3 Na6 10. Qd2 Bd7 11. h3 Qe7 12. g4 f4 13. Bf2 h6 14. O-O-O b6 15. b3 Nc5 16. Bc2 Rfb8 17. a3 Ne8 18. b4 axb4 19. axb4 Na4 20. Nxa4 Bxa4 21. Kb2 Bxc2 22. Qxc2 Qd7 23. Ra1 Bf8 24. Nc3 Qc8 25. Nb5 Rxa1 26. Rxa1 Ra8 27. Qb3 Kg7 28. Rxa8 Qxa8 29. Qa3 Qxa3+ 30. Kxa3 Kf7 31. Ka4 Ke7 32. c5 bxc5 33. bxc5 Kd7 34. c6+ Kc8 35. Ka5 Kb8 36. Ka6 Be7 37. Ba7+ Ka8 38. Bb6 Kb8 39. Ba5 Bf8 40. Be1 Be7 41. Bf2 Bd8 42. Na3 Ka8 43. Nc2 Kb8 44. Nb4 Ka8 45. Kb5 Kb8 46. Na6+ Ka8 47. Kc4 h5 48. gxh5 gxh5 49. Nb4 Kb8 50. Kb5 Ka8 51. Nd3 Kb8 52. Ka6 Ka8 53. Ne1 Kb8 54. Ng2 Ng7 55. Ba7+ Kc8 56. Bf2 Kb8 57. Be1 Kc8 58. Ka7 Be7 59. Ka8 Bd8 60. Bf2 Ne8 61. Ne1 Ng7 62. Nd3 Ne8 63. Nb2 Nf6 64. Nc4 Nh7 65. h4 Nf8 66. Na3 Ng6 67. Nb5 Bxh4 68. Na7+ Kd8 69. Bg1 Bg3 70. Kb7 h4 71. Bb6 h3 72. Bxc7+ Ke8 73. Bxd6 h2 74. c7 h1=Q 75. c8=Q+ Kf7 76. Qe6+ Kg7 77. Bxe5+ Nxe5 78. Qxe5+ Kg6 79. Qf5+ Kh6 80. Qf6+ Kh7 81. Qf7+ Kh6 82. Qe6+ Kh7 83. Qd7+ Kg8 84. d6 Qb1+ 85. Nb5 Qb4 86. Qe8+ Kg7 87. Qe7+ Kg6 88. Qe6+ Kg5 89. Qd5+ Kh4 90. d7 Qe7 91. Kc8 1-0


[Site "https://www.chess.com"]